cohdb
Replays
Latest Replays
All Replays
Popular Replays
Top Player Replays
Match Explorer
How It Works
Community
CoH3 Stats
Reddit
Sign in to upload your games and track your stats! →
Sign in with Steam
Match 46801173
Unlisted
Match 46801173
Overview
Messages
Build Orders
End
Construct Section Command Post
Vickers Machine Gun Team
Selects Heavy Armor Battlegroup
Dingo Light Scout Car
Royal Engineer Section
Infantry Section
Construct Platoon Command Post
Selects Rigorous Vehicle Training
Selects Light Vehicle Withdraw and Refit
Unlock M3 Stuart Light Tanks
M3 Stuart Light Tank
M3 Stuart Light Tank
M3 Stuart Light Tank
Selects Radio Net
Selects UNKNOWN (202330)
Angrybirds
P3prime
jaegermeister
Andrax
0
0
Comments
sign in to comment!
No comments posted yet!